 Dungeon Crawl Stone Soup version 0.13.2 (console) character file.

123935 dragonhide the Bludgeoner (level 16, -3/165 HPs)
             Began as an Ogre Hunter on Apr 4, 2014.
             Was the Champion of Ashenzari.
             Slain by a deep elf knight
             ... wielding a +3,+0 elven long sword
              (14 damage)
             ... on Level 22 of the Dungeon on Apr 6, 2014.
             The game lasted 03:12:07 (16652 turns).

dragonhide the Bludgeoner (Ogre Hunter)            Turns: 16652, Time: 03:12:08

HP  -3/165       AC 11     Str 23      XL: 16   Next: 89%
MP  16/31        EV 33     Int 13      God: Ashenzari [******]
Gold 903         SH  0     Dex 15      Spells:  8 memorised,  3 levels left

Res.Fire  : + . .   See Invis. : +   b - +4,+7 giant spiked club (curse)
Res.Cold  : + . .   Warding    : .   H - +2 robe {rC+ rF+} (curse)
Life Prot.: . . .   Conserve   : .   (shield restricted)
Res.Poison: .       Res.Corr.  : .   r - +0 wizard hat {Int+3} (curse)
Res.Elec. : .       Clarity    : +   E - +1 cloak (curse)
Sust.Abil.: . .     Spirit.Shd : .   (gloves unavailable)
Res.Mut.  : .       Stasis     : .   (boots unavailable)
Res.Rott. : .       Flight     : .   w - cursed amulet of rage
Saprovore : + . .                    u - cursed +4 ring of evasion
                                     s - cursed +3 ring of protection

@: phasing, very resistant to hostile enchantments, quite stealthy
A: unfitting armour, antennae 1, fast metabolism 1, magic resistance 1, mutation
resistance 1, saprovore 1, spit poison 1, tough skin 1, AC +1, Str +2
a: Spit Poison, Scrying, Transfer Knowledge, Renounce Religion, Evoke Berserk
Rage


You were on level 22 of the Dungeon.
You worshipped Ashenzari.
Ashenzari was exalted by your worship.
You were very hungry.

You visited 4 branches of the dungeon, and saw 33 of its levels.
You visited 1 bazaar.
You also visited: Labyrinth, Sewer and Ossuary.

You collected 1755 gold pieces.
You spent 872 gold pieces at shops.

Inventory:

Hand weapons
 b - a cursed +4,+7 giant spiked club (weapon)
Missiles
 V - 8 javelins (quivered)
Armour
 l - a +0 mottled dragon hide
 r - a cursed +0 wizard hat of intelligence (worn)
 E - a cursed +1 cloak (worn)
 H - a cursed +2 robe of resistance (worn)
Magical devices
 g - a wand of fire (2)
 j - a wand of paralysis (13)
 y - a wand of teleportation (4)
 K - a wand of paralysis (11)
 O - a wand of digging (12)
 T - a wand of paralysis (8)
 W - a wand of fire (5)
 X - a wand of invisibility (4)
Comestibles
 f - 7 meat rations
 z - 4 chunks of cyclops flesh
 M - a bread ration
 Y - 2 chokos
Scrolls
 m - a scroll of amnesia
 p - 2 scrolls of fear
 v - 6 scrolls of teleportation
 x - a scroll of blinking
 D - 2 scrolls of identify
 G - a scroll of fog
 I - 8 scrolls of remove curse
 J - a scroll of holy word
 P - 2 scrolls of curse jewellery
 Q - a scroll of magic mapping
 R - 3 scrolls of curse armour
Jewellery
 a - an uncursed ring of protection from magic
 c - an uncursed ring of positive energy
 e - an uncursed ring of protection from cold
 h - a +3 ring of dexterity
 q - the ring "Veuquenu" {Hunger- Str+2 Int+2}
   (You found it in a labyrinth)

   [ring of sustenance]

   It affects your strength (+2).
   It affects your intelligence (+2).
 s - a cursed +3 ring of protection (left hand)
 t - a cursed ring of teleportation
 u - a cursed +4 ring of evasion (right hand)
 w - a cursed amulet of rage (around neck)
 N - an uncursed amulet of resist corrosion
 S - an uncursed ring of positive energy
Potions
 d - a potion of heal wounds
 i - a potion of restore abilities
 k - a potion of brilliance
 o - 5 potions of curing
 A - 2 potions of flight
 C - a potion of resistance
 L - a potion of berserk rage
 U - a potion of agility
 Z - a potion of might
Miscellaneous
 n - a phial of floods
 B - a phial of floods
 F - a phial of floods


   Skills:
 - Level 14.0 Fighting
 - Level 16.6(21.7) Maces & Flails
 - Level 4.3 Throwing
 - Level 13.9(17.9) Dodging
 - Level 4.3(8.6) Stealth
 - Level 9.0 Spellcasting
 * Level 6.2(10.8) Charms
 + Level 11.3(15.5) Translocations
 - Level 1.0(3.5) Air Magic


You had 3 spell levels left.
You knew the following spells:

 Your Spells              Type           Power        Failure   Level  Hunger
a - Apportation           Tloc           #####.....   1%          1    None
b - Swiftness             Chrm/Air       ###.......   1%          2    None
c - Control Teleport      Chrm/Tloc      #####.....   1%          4    ####...
d - Phase Shift           Tloc           #####.....   1%          5    #####..
e - Dispersal             Tloc           #####.....   3%          6    #######
f - Controlled Blink      Tloc           N/A          21%         7    #######
g - Repel Missiles        Chrm/Air       ###.......   1%          2    None
h - Flight                Chrm/Air       ###.......   1%          3    ##.....


Dungeon Overview and Level Annotations

Branches:
Dungeon (22/27)            Temple (1/1) D:4             Orc (0/4) D:7
   Lair (8/8) D:12         Shoals (0/5) Lair:6        Snake (0/5) Lair:6
  Slime (0/6) Lair:7       Vaults (2/5) D:15
  Crypt: Vaults:2-3

Altars:
Ashenzari
Cheibriados
Elyvilon
Fedhas
Kikubaaqudgha
Nemelex Xobeh
Okawaru
Sif Muna
Trog
Yredelemnul
the Shining One
Beogh

Shops:
D:6 *   D:8 *(   D:18 ([[(   Vaults:1 +

Portals:
Hell: D:21
Abyss: D:21
Pandemonium: D:21
Ziggurat: D:15 (3300 gp)

Annotations:
D:13 exclusion: feature mimic
D:17 exclusion: silver statue
D:18 exclusion: oklob plant, Rupert
Vaults:1 Azrael


Innate Abilities, Weirdness & Mutations

You are too large for most types of armour.
You have a fast metabolism.
You can tolerate rotten meat.
You have tough skin (AC +1).
You have a pair of small antennae on your head.
You are resistant to hostile enchantments.
You are somewhat resistant to further mutation.
You are covered in fur (AC +1).
You can spit poison.
Your muscles are strong. (Str +2)


Message History

A yaktaur captain comes into view.
You flatten the stone giant zombie like a pancake!!!
You destroy the stone giant zombie!
The deep elf knight gestures at you while chanting.
The magic dart hits you!
* * * LOW HITPOINT WARNING * * *
You bludgeon the deep elf fighter!!
You kill the deep elf fighter!
The yaktaur captain wields a crossbow.
The yaktaur captain shoots a bolt.
The bolt hits you!
* * * LOW HITPOINT WARNING * * *
Casting: Phase Shift
Confirm with . or Enter, or press ? or * to list all spells.
The deep elf knight blinks!
You are feeling very hungry.
The yaktaur captain shoots a bolt.
The bolt hits you!
* * * LOW HITPOINT WARNING * * *
Items here: % ( )) [[ The deep elf knight hits you with an elven long sword!
You die...

#### ...## *....
* **
#####(..?.,,, **
*** ##..(.... ,
,, ,, , #......#*
*,, ,,,,,
#......# ,,.,, ,
###..<.e.# *...
,, ,,
#.....@####.c..)#
* ,
#...?.%((........
, ,,
#....#)####....##
*, #.[..#..,
*#.#*, * **
#....#..., * , *
###..#....* * ,
#..#.#### *,* ,,*
**,.#.# * * *,* *
** ,,,... ,, ,,


You could see a deep elf knight.

Vanquished Creatures
  Kirke (Vaults:1)
  Maud (Lair:4)
  A vault warden (Vaults:2)
  The ghost of dragonhide the Bludgeoner, a powerful OgHu of Ashenzari (Lair:7)
  A yaktaur captain (D:20)
  The ghost of dragonhide the Basher, a powerful OgHu of Trog (Lair:4)
  A dragon (D:13)
  A minotaur (Lab)
  3 ogre magi
  2 ironheart preservers (Vaults:2)
  7 hydras
  A ravenous feature mimic (Vaults:1)
  3 very ugly things
  A rakshasa (D:20)
  2 centaur warriors
  A deep elf knight (D:22)
  A catoblepas (Lair:8)
  A wizard (D:21)
  An iron troll (D:18)
  Erolcha (D:12)
  5 unseen horrors
  A deep troll (D:22)
  A giant amoeba (D:21)
  A deep elf conjurer (Vaults:2)
  2 orc knights (D:20)
  A wolf spider zombie (D:16)
  Joseph (D:7)
  2 wolf spiders
  8 hill giants
  A spiny worm (Lair:8)
  A stone giant zombie (D:22)
  2 red wasps
  8 cyclopes
  25 elephants
  3 stone giant skeletons
  A frost giant skeleton (D:18)
  6 griffons
  A spriggan druid (Lair:5)
  Maurice (D:7)
  A spiny frog (shapeshifter) (D:15)
  6 spiny frogs
  4 black mambas
  A deep elf summoner (Vaults:2)
  Psyche (D:7)
  11 yaktaurs
  A feature mimic (D:7)
  A naga mage (D:21)
  4 fire drakes
  9 trolls
  A jumping spider (Vaults:2)
  4 deep elf priests
  A hydra zombie (D:14)
  5 polar bears (Lair:8)
  8 two-headed ogres
  17 blink frogs
  9 komodo dragons
  A red wasp zombie (D:15)
  A boulder beetle (D:17)
  2 deep elf magi
  A griffon zombie (D:17)
  A snapping turtle (Lair:6)
  12 grizzly bears
  3 basilisks
  30 slime creatures
  A shark (Lair:4)
  2 wraiths
  2 wyverns
  A baby alligator (shapeshifter) (D:21)
  An ettin skeleton (D:20)
  A griffon skeleton (D:17)
  74 yaks
  6 deep elf fighters
  45 ugly things
  Eustachio (D:4)
  8 vampire mosquitoes
  A shadow (D:15)
  A clay golem (D:21)
  5 hogs (Vaults:1)
  5 hippogriffs
  A steam dragon (D:14)
  2 manticores
  Menkaure (D:7)
  A wolf (Lair:8)
  A hungry ghost (D:11)
  3 soldier ants
  2 deep troll skeletons (D:20)
  An ice beast (D:7)
  3 mottled dragons
  10 orc warriors
  11 porcupines
  9 nagas
  7 black bears
  2 phantoms
  4 sky beasts
  23 ogres
  A boring beetle (Lair:8)
  A centaur (D:9)
  11 crocodiles
  Duvessa (D:9)
  7 giant slugs
  4 big kobolds (Sewer)
  7 water moccasins
  2 wargs
  6 agate snails
  A wyvern zombie (D:9)
  A komodo dragon skeleton (D:14)
  A yaktaur skeleton (D:15)
  15 giant frogs
  A cyclops skeleton (D:14)
  2 eyes of draining
  A rock worm zombie (D:17)
  8 wights
  15 killer bees
  Dowan (D:9)
  8 crimson imps
  8 hounds
  A water moccasin zombie (Ossuary)
  3 goliath beetles
  An iguana (D:11)
  7 worker ants
  2 big fish
  17 jellies
  4 orc priests
  A scorpion (D:8)
  9 orc wizards
  A two-headed ogre skeleton (D:14)
  An orange rat (Vaults:2)
  16 sheep
  A crocodile zombie (D:11)
  3 mummies
  7 gnolls
  14 adders
  9 giant centipedes
  61 green rats
  8 worms
  An adder skeleton (D:7)
  4 adder zombies
  2 grey rats (Sewer)
  A giant eyeball (D:9)
  4 oozes
  44 orcs
  5 giant cockroaches
  9 hobgoblins
  10 quokkas
  A ball python (D:1)
  10 bats
  5 giant geckos
  2 giant newts
  2 giant spores
  2 gnoll zombies (Ossuary)
  9 goblins
  A goblin skeleton (D:4)
  6 hobgoblin zombies (Ossuary)
  16 jackals
  14 kobolds
  7 kobold zombies (Ossuary)
  An orc skeleton (D:6)
  4 orc zombies (Ossuary)
  2 quokka zombies (D:4)
  11 rats
  3 ballistomycetes
  2 fungi
  2 plants (Lair:8)
921 creatures vanquished.

Vanquished Creatures (others)
  An orc wizard (D:8)
  A giant centipede (D:9)
  A green rat (Lair:5)
  A quokka (D:8)
  A giant newt (D:2)
  A giant spore (D:13)
  A ballistomycete (D:9)
  2 fungi (Lair:8)
  A plant (Lair:8)
10 creatures vanquished.

Grand Total: 931 creatures vanquished

Notes
Turn   | Place    | Note
--------------------------------------------------------------
     0 | D:1      | dragonhide, the Ogre Hunter, began the quest for the Orb.
     0 | D:1      | Reached XP level 1. HP: 20/20 MP: 0/0
   119 | D:1      | Reached XP level 2. HP: 7/28 MP: 1/1
   247 | D:2      | Reached XP level 3. HP: 13/35 MP: 2/2
   274 | D:2      | HP: 1/35 [kobold (4)]
   388 | D:2      | Found a sparkling altar of Nemelex Xobeh.
   530 | D:3      | Found a glowing golden altar of the Shining One.
   687 | D:3      | Reached XP level 4. HP: 16/44 MP: 3/3
   822 | D:4      | Noticed a phantom
   826 | D:4      | Killed a phantom
   826 | D:4      | Reached skill level 6 in Maces & Flails
   826 | D:4      | Reached XP level 5. HP: 39/50 MP: 4/4
   879 | D:4      | Found a staircase to the Ecumenical Temple.
   905 | Temple   | Entered the Ecumenical Temple
   917 | Temple   | Became a worshipper of Ashenzari the Shackled
   990 | D:4      | Noticed an ogre
   995 | D:4      | Killed an ogre
   995 | D:4      | Reached skill level 7 in Maces & Flails
   995 | D:4      | Reached XP level 6. HP: 40/58 MP: 5/5
  1042 | D:4      | Noticed Eustachio
  1061 | D:4      | Killed Eustachio
  1061 | D:4      | Reached skill level 9 in Maces & Flails
  1165 | D:4      | Found a sand-covered staircase.
  1172 | Ossuary  | Entered an ossuary
  1215 | Ossuary  | Reached XP level 7. HP: 28/66 MP: 6/6
  1648 | D:5      | Entered Level 5 of the Dungeon
  1927 | D:5      | Reached skill level 10 in Maces & Flails
  2054 | D:6      | HP: 1/66 [it/puff of flame (10)]
  2064 | D:6      | HP: 1/66 [something (3)]
  2120 | D:6      | Found Thrathuo's Assorted Antiques.
  2129 | D:6      | Bought a ring of intelligence for 50 gold pieces
  2129 | D:6      | Bought a scroll labeled ZEORIO ZIXTO for 25 gold pieces
  2129 | D:6      | Bought an oily cyan potion for 22 gold pieces
  2165 | D:6      | Found a glowing drain.
  2223 | Sewer    | Entered a sewer
  2236 | Sewer    | Acquired Ashenzari's first power
  2242 | Sewer    | Reached skill level 11 in Maces & Flails
  2381 | Sewer    | Reached XP level 8. HP: 57/74 MP: 7/7
  2683 | Sewer    | Reached skill level 12 in Maces & Flails
  2885 | D:7      | Found a staircase to the Orcish Mines.
  2897 | D:7      | Found an iron altar of Okawaru.
  2961 | D:7      | Noticed Menkaure
  2967 | D:7      | Killed Menkaure
  2967 | D:7      | Reached skill level 13 in Maces & Flails
  3002 | D:7      | Noticed a two-headed ogre
  3004 | D:7      | Killed a two-headed ogre
  3163 | D:8      | Acquired Ashenzari's second power
  3163 | D:8      | Noticed Psyche
  3169 | D:7      | Killed Psyche
  3169 | D:7      | Reached skill level 14 in Maces & Flails
  3169 | D:7      | Reached XP level 9. HP: 69/80 MP: 8/8
  3245 | D:8      | Found Ocviwk's Antique Weapon Boutique.
  3245 | D:8      | Noticed Maurice
  3464 | D:8      | Found Ydwinad's Assorted Antiques.
  3469 | D:7      | Noticed Joseph
  3480 | D:7      | Killed Joseph
  3534 | D:7      | You fall through a shaft!
  3554 | D:8      | Found Quicren's Food Emporium.
  3555 | D:8      | Found a white marble altar of Elyvilon.
  3808 | D:8      | Reached skill level 15 in Maces & Flails
  3855 | D:8      | Reached skill level 5 in Fighting
  3946 | D:8      | Quicren's Food Emporium was a mimic.
  3946 | D:8      | HP: 4/84 [shop mimic (7)]
  3973 | D:7      | HP: 2/84 [shop mimic (7)]
  4219 | D:6      | Reached XP level 10. HP: 66/93 MP: 9/9
  4335 | D:7      | Killed a shop mimic
  4335 | D:7      | Reached skill level 5 in Dodging
  4408 | D:7      | Killed Maurice
  4793 | D:9      | Noticed Duvessa
  4794 | D:9      | Noticed Dowan
  4803 | D:9      | Killed Duvessa
  4841 | D:9      | Killed Dowan
  4912 | D:9      | ACIAS & YSIU destroyed
  5058 | D:8      | Found a blossoming altar of Fedhas.
  5490 | D:9      | Paralysed by a giant eyeball for 4 turns
  5551 | D:10     | Entered Level 10 of the Dungeon
  5551 | D:10     | Noticed a griffon
  5561 | D:10     | Killed a griffon
  5561 | D:10     | Reached skill level 16 in Maces & Flails
  5561 | D:10     | Reached XP level 11. HP: 84/106 MP: 10/10
  5737 | D:10     | Gained mutation: You can spit poison. [mutagenic meat]
  5738 | D:10     | Gained mutation: You are dopey. (Int -2) [mutagenic meat]
  5739 | D:10     | Gained mutation: You have a pair of small antennae on your head. [mutagenic meat]
  5769 | D:10     | Acquired Ashenzari's third power
  5975 | D:11     | Noticed a hill giant
  5985 | D:11     | Killed a hill giant
  6304 | D:11     | Noticed a hill giant
  6312 | D:11     | Killed a hill giant
  6630 | D:12     | Reached skill level 10 in Dodging
  6630 | D:12     | Reached XP level 12. HP: 115/120 MP: 11/11
  6631 | D:12     | Gained mutation: You have a very fast metabolism. [potion of mutation]
  6631 | D:12     | Lost mutation: You have a very fast metabolism. [potion of mutation]
  6631 | D:12     | Gained mutation: Your muscles are strong. (Str +2) [potion of mutation]
  6632 | D:12     | Lost mutation: You are dopey. (Int -2) [potion of mutation]
  6632 | D:12     | Gained mutation: You are resistant to hostile enchantments. [potion of mutation]
  6632 | D:12     | Gained mutation: You are somewhat resistant to further mutation. [potion of mutation]
  6659 | D:12     | Noticed Erolcha
  6664 | D:12     | Killed Erolcha
  6666 | D:12     | Found a staircase to the Lair.
  6679 | Lair:1   | Entered Level 1 of the Lair of Beasts
  6739 | Lair:1   | Found a labyrinth entrance.
  6762 | Lab      | Entered a labyrinth
  7153 | Lab      | Acquired Ashenzari's fourth power
  7522 | Lab      | Noticed a minotaur
  7523 | Lab      | Identified the +1,+8 short sword of Romuseso {venom, rPois MR+ Str-2 Dex+3}
  7528 | Lab      | Killed a minotaur
  7538 | Lab      | Identified the cursed +3,+1 dagger of the Purple Skies {freeze, rN+} (You found it in a labyrinth)
  7538 | Lab      | Identified the +6 chain mail of Dim Light {rC+ Dex-2} (You found it in a labyrinth)
  7538 | Lab      | Identified the ring "Veuquenu" {Hunger- Str+2 Int+2} (You found it in a labyrinth)
  8131 | Lair:3   | Noticed a five-headed hydra
  8147 | Lair:3   | Killed a five-headed hydra
  8232 | Lair:2   | Reached XP level 13. HP: 131/131 MP: 12/12
  8425 | Lair:4   | Noticed Maud
  8430 | Lair:4   | Killed Maud
  8786 | Lair:5   | Reached skill level 1 in Stealth
  9000 | Lair:6   | Found a staircase to the Shoals.
  9213 | Lair:6   | Found a staircase to the Snake Pit.
  9603 | Lair:7   | Found a staircase to the Slime Pits.
  9667 | Lair:7   | Noticed dragonhide's ghost (powerful OgHu)
  9677 | Lair:7   | Killed dragonhide's ghost
 10002 | Lair:5   | Gained mutation: You are covered in fur (AC +1). [potion of beneficial mutation]
 10120 | Lair:7   | Reached XP level 14. HP: 102/144 MP: 13/13
 10161 | Lair:8   | Entered Level 8 of the Lair of Beasts
 10312 | Lair:8   | Learned a level 1 spell: Apportation
 10315 | Lair:8   | Learned a level 2 spell: Swiftness
 10431 | Lair:8   | Reached skill level 1 in Air Magic
 10442 | Lair:8   | Reached skill level 1 in Spellcasting
 10442 | Lair:8   | Reached skill level 1 in Charms
 10442 | Lair:8   | Reached skill level 1 in Translocations
 10451 | Lair:8   | Learned a level 4 spell: Control Teleport
 10457 | Lair:8   | Learned a level 5 spell: Phase Shift
 10918 | Lair:7   | Reached skill level 5 in Spellcasting
 11086 | Lair:8   | Learned a level 6 spell: Dispersal
 11637 | Lair:4   | Noticed dragonhide's ghost (powerful OgHu)
 11647 | Lair:4   | Killed dragonhide's ghost
 11647 | Lair:4   | Reached skill level 5 in Translocations
 12069 | D:13     | Found a flickering gateway to a bazaar.
 12124 | Bazaar   | Entered a bazaar
 12124 | Bazaar   | Found Sosam's Magic Scroll Shoppe.
 12124 | Bazaar   | Found Mnail's Weapon Emporium.
 12124 | Bazaar   | Found Obofy's Magic Scroll Shop.
 12125 | Bazaar   | Found Kihoamor's Assorted Antiques.
 12126 | Bazaar   | Found Suibiez's General Store.
 12126 | Bazaar   | Found Huodomeg's Weapon Shop.
 12135 | Bazaar   | Bought a scroll labeled PNERCH BLUO for 25 gold pieces
 12147 | Bazaar   | Bought a scroll of random uselessness for 14 gold pieces
 12147 | Bazaar   | Bought a scroll of recharging for 77 gold pieces
 12147 | Bazaar   | Bought a scroll of teleportation for 42 gold pieces
 12147 | Bazaar   | Bought a scroll of enchant armour for 77 gold pieces
 12147 | Bazaar   | Bought a scroll of blinking for 77 gold pieces
 12147 | Bazaar   | Bought a scroll of magic mapping for 49 gold pieces
 12147 | Bazaar   | Bought a scroll of fear for 49 gold pieces
 12154 | Bazaar   | Bought a scroll of teleportation for 24 gold pieces
 12154 | Bazaar   | Bought a potion of resistance for 56 gold pieces
 12163 | Bazaar   | Bought a scroll of identify for 14 gold pieces
 12163 | Bazaar   | Bought a scroll of identify for 14 gold pieces
 12163 | Bazaar   | Bought a scroll of fear for 24 gold pieces
 12163 | Bazaar   | Bought a scroll of vulnerability for 52 gold pieces
 12163 | Bazaar   | Bought a scroll of vulnerability for 52 gold pieces
 12163 | Bazaar   | Bought a scroll of identify for 14 gold pieces
 12163 | Bazaar   | Bought a scroll of enchant weapon II for 38 gold pieces
 12163 | Bazaar   | Bought a scroll of enchant armour for 38 gold pieces
 12163 | Bazaar   | Bought a scroll of immolation for 7 gold pieces
 12172 | Bazaar   | Bought a bread ration for 32 gold pieces
 12266 | D:13     | Found a roughly hewn altar of Beogh.
 12347 | D:13     | Reached XP level 15. HP: 120/154 MP: 24/29
 12576 | D:14     | Entered Level 14 of the Dungeon
 12815 | D:15     | Entered Level 15 of the Dungeon
 12925 | D:15     | Found a gateway to a ziggurat.
 13001 | D:15     | Found a staircase to the Vaults.
 13030 | Vaults:1 | Entered Level 1 of the Vaults
 13054 | Vaults:1 | Learned a level 7 spell: Controlled Blink
 13099 | Vaults:1 | Noticed Kirke
 13139 | Vaults:1 | Killed Kirke
 13222 | Vaults:1 | Found Arriep's Book Boutique.
 13343 | Vaults:1 | Noticed Azrael
 13500 | Vaults:1 | Upgraded the game from 0.13.1-37-gb6f4c13 to 0.13.2
 14438 | D:17     | Reached skill level 10 in Translocations
 14438 | D:17     | Reached XP level 16. HP: 162/165 MP: 31/31
 14613 | D:18     | Found Duhamus' Armour Emporium.
 14615 | D:18     | Found Adwaorat's Weapon Boutique.
 14664 | D:18     | Paralysed by a red wasp for 1 turns
 14687 | D:18     | Identified the cursed +2 leather armour of the Falcon {rF+ Str+4}
 14702 | D:18     | Found Xiuschuan's Antique Weapon Shoppe.
 14787 | D:18     | Found Mnosh's Armour Emporium.
 15053 | D:18     | Noticed Rupert
 15064 | D:20     | Entered Level 20 of the Dungeon
 15364 | D:19     | Found a basalt altar of Yredelemnul.
 15414 | D:20     | Learned a level 2 spell: Repel Missiles
 15418 | D:20     | Learned a level 3 spell: Flight
 15996 | D:21     | Found a gateway to Hell.
 16001 | D:21     | Found a one-way gate leading to the halls of Pandemonium.
 16075 | D:21     | Found a one-way gate to the infinite horrors of the Abyss.
 16095 | D:21     | Reached skill level 5 in Charms
 16652 | D:22     | Slain by a deep elf knight

Action                   |  1- 3 |  4- 6 |  7- 9 | 10-12 | 13-15 | 16-18 || total
-------------------------+-------+-------+-------+-------+-------+-------++-------
Melee: Club              |    85 |       |       |       |       |       ||    85
       Whip              |       |    52 |    74 |       |       |       ||   126
       Giant club        |       |       |   141 |    25 |       |       ||   166
       Giant spiked club |       |       |       |   249 |  1275 |   526 ||  2050
Throw: Large rock        |    22 |    20 |   117 |   131 |    78 |     5 ||   373
       Throwing net      |     2 |     2 |     3 |       |       |       ||     7
 Cast: Phase Shift       |       |       |       |       |    49 |    47 ||    96
       Swiftness         |       |       |       |       |     1 |       ||     1
       Control Teleport  |       |       |       |       |     1 |       ||     1
       Repel Missiles    |       |       |       |       |       |    10 ||    10
       Apportation       |       |       |       |       |       |     5 ||     5
       Dispersal         |       |       |       |       |       |     5 ||     5
Invok: Scrying           |       |       |       |     1 |       |     1 ||     2
Evoke: Wand              |       |       |       |     3 |     6 |     1 ||    10
  Use: Potion            |     1 |       |    10 |     5 |     5 |     1 ||    22
       Scroll            |       |       |    12 |    23 |    20 |     5 ||    60
 Stab: Held in net/web   |     2 |       |     3 |       |       |       ||     5
       Sleeping          |       |       |     2 |     1 |    15 |     5 ||    23
       Distracted        |       |       |       |     1 |     1 |       ||     2
       Fleeing           |       |       |       |       |     1 |       ||     1
       Invisible         |       |       |       |       |     6 |     5 ||    11
       Paralysed         |       |       |       |       |     1 |       ||     1
